[Event "Late-Titled-Tuesday-Blitz-April-30-2024"]
[Site "Chess.com"]
[Date "2024.04.30"]
[Round "6"]
[White "masterofpuppets2"]
[Black "gtnamfrq"]
[Result "0-1"]
[WhiteElo "2460"]
[BlackElo "2322"]
[TimeControl "180+1"]
[EndTime "15:06:02 PDT"]
[Termination "gtnamfrq won by checkmate"]

1. d4 Nf6 2. c4 e6 3. Nc3 Bb4 4. Qc2 c5 5. dxc5 Na6 6. a3 Bxc3+ 7. Qxc3 Nxc5 8. b4 Nce4 9. Qb2 b6 10. Nf3 O-O 11.
h3 Ba6 12. e3 Rc8 13. b5 Bb7 14. Be2 Qe7 15. O-O d6 16. a4 Rc7 17. a5 Rfc8 18.
axb6 axb6 19. Nd4 e5 20. Nf3 d5 21. Nxe5 dxc4 22. Nxc4 Rxc4 23. Bxc4 Rxc4 24. Ra7 Nc5 25. Qa2 Rh4 26. f3 h6 27. e4 Nfxe4 28. fxe4 Rxe4 29. Ba3 Re2 30. Qxe2 Qxe2 31. Bxc5 Qxg2# 0-1

[Event "Late-Titled-Tuesday-Blitz-April-30-2024"]
[Site "Chess.com"]
[Date "2024.04.30"]
[Round "6"]
[White "protectiago"]
[Black "ferdipy"]
[Result "1-0"]
[WhiteElo "2062"]
[BlackElo "2268"]
[TimeControl "180+1"]
[EndTime "15:06:07 PDT"]
[Termination "protectiago won by resignation"]

1. d4 e5 2. dxe5 d6 3. Nf3 Nc6 4. exd6 Bxd6 5. g3 Bg4 6. Bg2 Qf6 7. O-O h6 8. Nc3 O-O-O 9. Ne4 Qe7 10. Nxd6+ Rxd6 11. Qe1 Nf6 12. Bf4 Rdd8 13. Qc3 g5 14. Be5 Nd5 15. Qc4 Nxe5 16. Nxe5 Qxe5 17. Qxg4+ f5 18. Qa4 Kb8 19. c4 Nb6 20. Qb3 Qxe2 21. c5 Nd5 22.
Bxd5 Qa6 23. c6 b6 24. Bc4 Qa5 25. Qb5 Qxb5 26. Bxb5 Rd2 27. Rad1 Rhd8 28. Rxd2 Rxd2 29. Re1 a5 30. Ba6 Ka7 31. Bb7 b5 32. Re8 Rxb2 33. Ra8+ Kb6 34. Ra6+ Kc5 35. Rxa5 f4 36. gxf4 gxf4 37.
Kg2 Rb4 38. Kf3 h5 39. h4 Rc4 40. Ba6 Kb6 41. Ra3 b4 42. Bxc4 bxa3 43. Bd5 Kc5 44.
Be4 Kd4 45. Kxf4 Kc3 46. Bd5 Kb2 47. Kg5 1-0

[Event "Late-Titled-Tuesday-Blitz-April-30-2024"]
[Site "Chess.com"]
[Date "2024.04.30"]
[Round "6"]
[White "lamomiajunior"]
[Black "Hrant_ChessMood"]
[Result "0-1"]
[WhiteElo "2747"]
[BlackElo "2947"]
[TimeControl "180+1"]
[EndTime "15:06:08 PDT"]
[Termination "Hrant_ChessMood won by resignation"]

1. d4 Nf6 2. Nc3 d5 3. Bf4 Bf5 4. f3 e6 5. g4 Bg6 6. Qd2 a6 7. h4 h6 8. e3 c5 9. Nh3 Nc6 10. Bg3 cxd4 11. exd4 Qb6 12. O-O-O Nb4 13. Nf4 Bxc2 14.
Re1 Rc8 15. a3 Na2+ 16. Nxa2 Bxa3 17. Nd3 Bxd3+ 18. Nc3 Qb3 19. Bxd3 Rxc3+ 20. Bc2 Qxb2+ 21. Kd1 Rxf3 22. Bd6 Ne4 23. Bxe4 dxe4 24. Qxb2 Bxb2 25. Rxe4 Rd3+ 26. Kc2 Rxd4 27. Rxd4 Bxd4 28. Rd1 e5 29. Kd3 Kd7 30. Ba3 Rc8 31. Ke4 Ke6 0-1

[Event "Late-Titled-Tuesday-Blitz-April-30-2024"]
[Site "Chess.com"]
[Date "2024.04.30"]
[Round "6"]
[White "Mikhal867"]
[Black "realburq"]
[Result "1-0"]
[WhiteElo "2545"]
[BlackElo "2380"]
[TimeControl "180+1"]
[EndTime "15:06:10 PDT"]
[Termination "Mikhal867 won by resignation"]

1. d4 d5 2. c4 e6 3. Nf3 Nf6 4. g3 c6 5. Bg2 b6 6. O-O Be7 7. Qc2 O-O 8. b3 Ne4 9. Nbd2 Nxd2 10. Bxd2 Bb7 11. c5 Nd7 12. b4 f6 13. e4 f5 14.
exf5 exf5 15. Rfe1 Bf6 16. Bf4 g6 17. Bd6 Re8 18. Rxe8+ Qxe8 19. Re1 Qf7 20. Ne5 Bxe5 21. Bxe5 Nxe5 22. Rxe5 Re8 23. Qe2 Kf8 24. Bf1 b5 25. f4 Bc8 26. a4 a6 27. axb5 axb5 28. Qa2 Rxe5 29. dxe5 Qb7 30. Qa5 Ke7 31. Be2 Be6 32.
h3 d4 33. Kf2 Bc4 34. Bf3 d3 35. Ke3 d2 36. Kxd2 Qd7+ 37. Kc1 Qd4 38. Qc7+ Ke8 39. Bxc6+ Kf8 40. Qd6+ Qxd6 41. cxd6 1-0

[Event "Late-Titled-Tuesday-Blitz-April-30-2024"]
[Site "Chess.com"]
[Date "2024.04.30"]
[Round "6"]
[White "HandKnit"]
[Black "Andrii_Prydun"]
[Result "0-1"]
[WhiteElo "2500"]
[BlackElo "2378"]
[TimeControl "180+1"]
[EndTime "15:06:10 PDT"]
[Termination "Andrii_Prydun won by checkmate"]

1. c4 e5 2. Nc3 Nf6 3. Nf3 Nc6 4. e3 Bb4 5. Qc2 Bxc3 6. Qxc3 Qe7 7. d4 exd4 8. Nxd4 Ne4 9. Qd3 d6 10. Be2 O-O 11.
O-O Bd7 12. b3 f5 13. Bb2 Ne5 14. Qc2 Rae8 15. Rad1 a6 16. Nf3 Ng6 17. Rd4 Bc6 18. Rfd1 f4 19. Bd3 fxe3 20. Bxe4 Bxe4 21. Qc3 Bxf3 22.
gxf3 Nf4 23. Kh1 exf2 24. Re4 Qg5 25. Rxf4 Rxf4 26. Rf1 Rf6 27. Rxf2 Rg6 28. Qc1 Qxc1+ 29. Bxc1 Re1+ 30. Rf1 Rxf1# 0-1

[Event "Late-Titled-Tuesday-Blitz-April-30-2024"]
[Site "Chess.com"]
[Date "2024.04.30"]
[Round "6"]
[White "Adar_07"]
[Black "miaou33"]
[Result "1-0"]
[WhiteElo "2716"]
[BlackElo "2542"]
[TimeControl "180+1"]
[EndTime "15:06:12 PDT"]
[Termination "Adar_07 won by resignation"]

1. d4 d5 2. c4 c6 3. Nc3 dxc4 4. a4 e5 5. dxe5 Qxd1+ 6. Nxd1 Na6 7. e4 Nb4 8. Ne3 Be6 9. Nf3 O-O-O 10. Ng5 Nd3+ 11. Bxd3 cxd3 12. Nxe6 fxe6 13. Bd2 Bc5 14. Rc1 Bd4 15.
Nc4 Kb8 16. Bc3 Nh6 17. f3 Nf7 18. Kd2 g5 19. Bxd4 Rxd4 20. b3 g4 21. Ke3 Rhd8 22. Rhd1 gxf3 23. gxf3 d2 24. Rc3 c5 25. f4 Rg8 26. Rxd2 Rg4 27. Rxd4 cxd4+ 28. Kxd4 Kc7 29. Nd6+ Kd7 30. Nxf7 Rxf4 31. Nd6 Rh4 32. Nxb7 Rxh2 33. Nc5+ Ke7 34. Rg3 Kf7 35. Rf3+ Ke7 36. Rf6 h5 37. Rxe6+ Kf7 38. Rf6+ Kg7 39. Ne6+ 1-0

[Event "Late-Titled-Tuesday-Blitz-April-30-2024"]
[Site "Chess.com"]
[Date "2024.04.30"]
[Round "6"]
[White "Kobalia"]
[Black "OparinGrigoriy"]
[Result "1-0"]
[WhiteElo "2794"]
[BlackElo "2972"]
[TimeControl "180+1"]
[EndTime "15:06:13 PDT"]
[Termination "Kobalia won by resignation"]

1. e4 d6 2. d4 Nf6 3. Nc3 e5 4. dxe5 dxe5 5. Qxd8+ Kxd8 6. Bc4 Be6 7. Bxe6 fxe6 8. f3 Bb4 9. Bd2 Nc6 10. O-O-O Ke7 11.
Nh3 Bc5 12. Rhf1 a6 13. Nf2 Bxf2 14. Rxf2 Rhd8 15. Be3 Rxd1+ 16. Kxd1 Ne8 17. Rd2 Nd6 18. b3 b6 19. Ne2 h6 20. a4 Nb7 21. Nc1 Rd8 22. Rxd8 Kxd8 23. Nd3 Kd7 24. h4 Kd6 25. h5 Nbd8 26. Kd2 Nf7 27. Nb2 Ne7 28. Nc4+ Kd7 29. b4 b5 30. axb5 axb5 31. Na3 c6 32. Bc5 Ke8 33. c4 bxc4 34. Nxc4 Ng8 35. Nd6+ Ke7 36. Nxf7+ Kxf7 37. Bd6 Nf6 38. Bxe5 Nxh5 39. Ke3 Nf6 40. Bxf6 gxf6 41. Kd4 Ke7 42. e5 fxe5+ 43. Kxe5 Kd7 44.
g4 Ke7 45. f4 Kd7 46. f5 exf5 47. Kxf5 Kd6 48. Kg6 Kd5 49. Kxh6 Kc4 50. g5 Kxb4 51.
g6 c5 52. g7 c4 53. g8=Q Kc3 54. Qg3+ Kb2 55. Qf2+ 1-0

[Event "Late-Titled-Tuesday-Blitz-April-30-2024"]
[Site "Chess.com"]
[Date "2024.04.30"]
[Round "6"]
[White "georgpapi"]
[Black "EsmeraldasAnderson03"]
[Result "1/2-1/2"]
[WhiteElo "2377"]
[BlackElo "2517"]
[TimeControl "180+1"]
[EndTime "15:06:13 PDT"]
[Termination "Game drawn by repetition"]

1. b3 d5 2. Bb2 Bf5 3. f4 e6 4.
Nf3 Nf6 5. e3 Be7 6. Be2 O-O 7. O-O c5 8. Ne5 Qc7 9. Qe1 Bxc2 10. d3 Bxb1 11. Rxb1 Nc6 12. g4 Nd7 13. Nxc6 Qxc6 14. g5 a5 15. Qg3 a4 16. h4 axb3 17. axb3 Ra2 18. h5 b5 19. Bf3 c4 20. bxc4 bxc4 21.
dxc4 Qxc4 22. Bd4 Bc5 23. Rfc1 Rc2 24. Rxc2 Qxc2 25. Rb7 Ra8 26. Qg2 Qxg2+ 27. Kxg2 Bxd4 28. exd4 Nf8 29. f5 Ra4 30. g6 hxg6 31. hxg6 fxg6 32.
fxe6 Nxe6 33. Bxd5 Rxd4 34. Bxe6+ Kh7 35. Rb3 g5 36. Bf5+ g6 37. Rb7+ Kh6 38. Rb6 Kh5 39. Rxg6 Rf4 40. Rf6 g4 41. Rf8 Kg5 42. Rg8+ Kxf5 43.
Rf8+ Kg5 44. Rxf4 Kxf4 45. Kf2 Kf5 46. Kg2 Kg5 47. Kg3 Kh5 48. Kg2 Kh4 49. Kh2 g3+ 50. Kg2 Kg4 51. Kg1 Kf4 52. Kg2 Kg4 53. Kg1 Kh3 54. Kh1 Kh4 55. Kg1 Kg5 56. Kg2 Kg4 1/2-1/2

[Event "Late-Titled-Tuesday-Blitz-April-30-2024"]
[Site "Chess.com"]
[Date "2024.04.30"]
[Round "6"]
[White "Bryanl106"]
[Black "jraosam"]
[Result "1-0"]
[WhiteElo "2682"]
[BlackElo "2101"]
[TimeControl "180+1"]
[EndTime "15:06:14 PDT"]
[Termination "Bryanl106 won on time"]

1. e4 e5 2. Nf3 Nf6 3. Nc3 Nc6 4. a3 a6 5. d4 exd4 6. Nxd4 Nxd4 7. Qxd4 d6 8. Bc4 Be7 9. O-O O-O 10. Bg5 Be6 11. Rad1 Bxc4 12. Qxc4 Qc8 13. h3 c6 14. Bxf6 gxf6 15.
Ne2 f5 16. Ng3 fxe4 17. Qxe4 Qe6 18. Rfe1 Qxe4 19. Rxe4 Rfe8 20. Nf5 Bf8 21. Rg4+ Kh8 22. Nxd6 Re7 23. Nf5 Re5 24. Ng3 Rae8 25. Rd7 R5e7 26. Rgd4 Kg8 27. Nf5 Re5 28. Rg4+ Kh8 29. Rxf7 Re1+ 30.
Kh2 R1e2 31. Ng7 Rb8 32. Nh5 Bd6+ 33. f4 Rf8 34. Nf6 Bxf4+ 35. Kg1 Be3+ 36. Kh2 Bf4+ 37. Kg1 Be3+ 38. Kh1 Re1+ 39. Kh2 Bf4+ 40. g3 Re2+ 41. Kh1 Re1+ 42. Kg2 Re2+ 43. Kf1 Re7 44. Rxe7 1-0

[Event "Late-Titled-Tuesday-Blitz-April-30-2024"]
[Site "Chess.com"]
[Date "2024.04.30"]
[Round "6"]
[White "TheoSlade"]
[Black "djano"]
[Result "1-0"]
[WhiteElo "2438"]
[BlackElo "2598"]
[TimeControl "180+1"]
[EndTime "15:06:14 PDT"]
[Termination "TheoSlade won by resignation"]

1. d4 b6 2. e4 Bb7 3. Bd3 e6 4.
Nf3 c5 5. c3 cxd4 6. cxd4 d5 7.
e5 Nd7 8. O-O Ne7 9. Nc3 Ng6 10.
Bg5 Be7 11. Bxe7 Qxe7 12. Nb5 O-O 13. Nd6 Rab8 14. Rc1 f5 15. Rc7 Ba8 16. Qa4 Rfd8 17. Bb5 Ngf8 18. Qxa7 g5 19. Rfc1 g4 20. Ne1 Qg5 21.
Bxd7 Nxd7 22. Rxd7 Rf8 23. Rxh7 Rb7 24. Rxb7 Bxb7 25. Rc7 Qd2 26. Kf1 Qxd4 27. Qxb7 Qxe5 28. Nf7 Qf6 29. Nd6 Qxb2 30. Rh7 f4 31. Ne8 f3 32.
Qg7+ Qxg7 33. Rxg7+ Kh8 34. Re7 g3 35. hxg3 fxg2+ 36. Kxg2 d4 37. Rxe6 b5 38. Nd3 Kg8 39. Nd6 1-0

[Event "Late-Titled-Tuesday-Blitz-April-30-2024"]
[Site "Chess.com"]
[Date "2024.04.30"]
[Round "6"]
[White "FMOlexandrProhorov"]
[Black "db-banana"]
[Result "0-1"]
[WhiteElo "2255"]
[BlackElo "2471"]
[TimeControl "180+1"]
[EndTime "15:06:15 PDT"]
[Termination "db-banana won on time"]

1. e4 Nf6 2. e5 Nd5 3. c4 Nb6 4. a4 d6 5. a5 N6d7 6. e6 fxe6 7. d4 Nf6 8. Bd3 g6 9. h4 e5 10. h5 e4 11. Bc2 Bf5 12. Bg5 Rg8 13. Bxf6 exf6 14. g4 Be6 15. Bxe4 c6 16. hxg6 hxg6 17.
d5 Bf7 18. Nc3 Nd7 19. dxc6 bxc6 20. Bxc6 Rc8 21. Bd5 Bg7 22. Nge2 Ne5 23. b4 Qd7 24. b5 Qxg4 25. Rg1 Qh3 26. b6 Bh6 27. Bxf7+ Kxf7 28. Qd5+ Kg7 29. bxa7 Rge8 30. Qxd6 Nf3+ 31. Kd1 Red8 0-1

[Event "Late-Titled-Tuesday-Blitz-April-30-2024"]
[Site "Chess.com"]
[Date "2024.04.30"]
[Round "6"]
[White "lluiss"]
[Black "Slovineanu"]
[Result "0-1"]
[WhiteElo "2228"]
[BlackElo "2465"]
[TimeControl "180+1"]
[EndTime "15:06:15 PDT"]
[Termination "Slovineanu won by resignation"]

1. Nf3 Nf6 2. d4 e6 3. g3 d5 4.
Bg2 Nbd7 5. O-O b5 6. a4 b4 7.
c4 dxc4 8. Ne5 Ba6 9. Nc6 Qc8 10. Nxb4 Bxb4 11. Bxa8 Qxa8 12. Nc3 O-O 13. Nb5 Qb7 14.
Bf4 Nd5 15. Bd2 c5 16. dxc5 Bxc5 17. Qc2 Bxb5 18. axb5 Qxb5 19. Rfc1 N7f6 20. Ra5 Qb6 21. e3 Bb4 22. Bxb4 Qxb4 23. Ra4 Qb7 24. Rxc4 h5 25. e4 Nb6 26. Rc7 Qxe4 27. Qxe4 Nxe4 28. Rxa7 Nd5 29. Kg2 Rb8 30. Rc2 g5 31. f3 Ne3+ 0-1

[Event "Late-Titled-Tuesday-Blitz-April-30-2024"]
[Site "Chess.com"]
[Date "2024.04.30"]
[Round "6"]
[White "HamedWafa4"]
[Black "NLLO777"]
[Result "0-1"]
[WhiteElo "2718"]
[BlackElo "2562"]
[TimeControl "180+1"]
[EndTime "15:06:16 PDT"]
[Termination "NLLO777 won by resignation"]

1. e4 c5 2. Nf3 d6 3. Bb5+ Nd7 4. O-O a6 5. Be2 Ngf6 6. d3 e6 7. c4 Be7 8. Nc3 O-O 9. d4 cxd4 10. Nxd4 Qc7 11. a4 b6 12. Re1 Bb7 13. Bf1 Rac8 14. b3 Rfd8 15. Bb2 h6 16. Rc1 Nc5 17. Qc2 Qb8 18. g3 Qa8 19. Bg2 Bf8 20. Rcd1 d5 21.
exd5 exd5 22. cxd5 Nxd5 23. Nxd5 Bxd5 24. Bxd5 Qxd5 25. b4 Ne6 26. Qe2 Qc4 27. Nxe6 Qxe2 28. Rb1 Qxe6 29. Rxe6 fxe6 30. Be5 Rd2 31. Bf4 Ra2 32. Re1 Kf7 33. b5 axb5 34. axb5 Rcc2 35. Be3 Bc5 0-1

[Event "Late-Titled-Tuesday-Blitz-April-30-2024"]
[Site "Chess.com"]
[Date "2024.04.30"]
[Round "6"]
[White "canary2016"]
[Black "Blampman"]
[Result "0-1"]
[WhiteElo "2215"]
[BlackElo "2436"]
[TimeControl "180+1"]
[EndTime "15:06:16 PDT"]
[Termination "Blampman won by resignation"]

1. d4 Nf6 2. c4 g6 3. Nf3 Bg7 4. g3 O-O 5. Bg2 d6 6. O-O c5 7. d5 a6 8. Nc3 Nbd7 9. e4 Ne5 10. Qe2 b5 11. cxb5 axb5 12. Nxb5 Ba6 13. Nxe5 dxe5 14.
Be3 Qa5 15. a4 Rfc8 16. Rfc1 Qb4 17. Qd2 Ng4 18. Qxb4 cxb4 19. Bc5 Bxb5 20. Bh3 Bd7 21. f3 Nf6 22. Bg2 e6 23. a5 exd5 24. exd5 b3 25.
f4 exf4 26. gxf4 Ne8 27. d6 Bxb2 28. Bxa8 Rxa8 29. Bb4 Bxa1 30. Rxa1 Bf5 31. Bc3 Nxd6 32. Re1 Nb5 33. Bb2 Be6 34. Re5 Rxa5 35. Kf2 Ra2 36. Rxb5 Rxb2+ 37. Ke1 Rxh2 0-1

[Event "Late-Titled-Tuesday-Blitz-April-30-2024"]
[Site "Chess.com"]
[Date "2024.04.30"]
[Round "6"]
[White "duone"]
[Black "Mugiwara2b"]
[Result "0-1"]
[WhiteElo "2414"]
[BlackElo "2602"]
[TimeControl "180+1"]
[EndTime "15:06:17 PDT"]
[Termination "Mugiwara2b won by checkmate"]

1. e4 c5 2. Nf3 d6 3. c3 Nf6 4. Be2 Nc6 5. d4 cxd4 6. cxd4 Nxe4 7. d5 Qa5+ 8. Nc3 Nxc3 9. bxc3 Ne5 10. Nxe5 Qxc3+ 11. Bd2 Qxe5 12. Rb1 g6 13. O-O Bg7 14. Bb5+ Kf8 15.
Re1 Qxd5 16. Qe2 Be6 17. Bd3 Rb8 18. Be4 Qc4 19. Qf3 b6 20. Rbc1 Qxa2 21. Bc3 Be5 22. Bxe5 dxe5 23. Qc3 Qa5 24. Qc7 Kg7 25. Qxe7 Rhe8 26.
Qg5 h6 27. Qg3 Rbc8 28. Rcd1 Red8 29. Ra1 Qc3 30. f3 a5 31. Rab1 Rd2 32. Kh1 Qd4 33. Rb5 Rc5 34. Rxb6 Rc1 35. Rb1 Rxb1 36. Bxb1 Rd1 37.
Be4 a4 38. h4 h5 39. Rxd1 Qxd1+ 40. Kh2 Qd4 41. Qg5 a3 42. g4 a2 43. gxh5 a1=Q 44.
hxg6 Qf2+ 45. Qg2 Qag1# 0-1

[Event "Late-Titled-Tuesday-Blitz-April-30-2024"]
[Site "Chess.com"]
[Date "2024.04.30"]
[Round "6"]
[White "RuperezA"]
[Black "kalinchick"]
[Result "1-0"]
[WhiteElo "2617"]
[BlackElo "2474"]
[TimeControl "180+1"]
[EndTime "15:06:19 PDT"]
[Termination "RuperezA won on time"]

1. e4 e6 2. b3 d5 3. Bb2 dxe4 4. Nc3 Nf6 5. Qe2 Be7 6. Nxe4 Nxe4 7. Qxe4 Bf6 8. d4 Qd5 9. Qe3 Nc6 10. Nf3 O-O 11. O-O-O Qa5 12. Kb1 b5 13. h4 b4 14. Bd3 Ba6 15. Be4 Ne7 16. Ng5 Nf5 17. Qf3 Rad8 18. g4 Nxd4 19. Bxh7+ Kh8 20. Qe3 Qe5 21. Be4 c5 22.
Nf3 Qc7 23. g5 Be5 24. Nxe5 Qxe5 25. f4 Nf5 26. Qf3 Qc7 27. h5 Kg8 28. h6 Nd4 29.
Bxd4 Rxd4 30. Rxd4 cxd4 31. hxg7 Rc8 32. Qh5 f5 33.
gxf6 Qxf4 34. Qh7+ Kf7 35. g8=Q+ Kxf6 36. Qgg6+ Ke5 37.
Qd7 1-0

[Event "Late-Titled-Tuesday-Blitz-April-30-2024"]
[Site "Chess.com"]
[Date "2024.04.30"]
[Round "6"]
[White "Legendinunknown"]
[Black "FredddieCroderg"]
[Result "1-0"]
[WhiteElo "2806"]
[BlackElo "2449"]
[TimeControl "180+1"]
[EndTime "15:06:23 PDT"]
[Termination "Legendinunknown won on time"]

1. e4 c6 2. Nc3 d5 3. Nf3 Bg4 4. h3 Bh5 5. exd5 cxd5 6. Bb5+ Nc6 7. g4 Bg6 8. Ne5 Rc8 9. d4 e6 10. h4 f6 11. Nxg6 hxg6 12. Be3 Bb4 13. Bd3 f5 14.
Bg5 Be7 15. gxf5 Bxg5 16. fxe6 Rxh4 17. Bxg6+ Ke7 18. Rxh4 Bxh4 19. Qh5 Bf6 20. Nxd5+ Kxe6 21. Bf5+ Kxd5 22. Bxc8+ Kd6 23. Qh2+ Ke7 24. Bxb7 Nxd4 25. Qh7 Nh6 26. Qe4+ Kf8 27. O-O-O Qb6 28. c3 Ne6 29. Bd5 Nc5 30. Qf4 Qb5 31. Bc4 Qb6 32. Rd6 Qc7 33.
Rxf6+ 1-0

[Event "Late-Titled-Tuesday-Blitz-April-30-2024"]
[Site "Chess.com"]
[Date "2024.04.30"]
[Round "6"]
[White "english_player_89"]
[Black "BeanScreen"]
[Result "0-1"]
[WhiteElo "2533"]
[BlackElo "2688"]
[TimeControl "180+1"]
[EndTime "15:06:23 PDT"]
[Termination "BeanScreen won by resignation"]

1. e4 e5 2. Nf3 Nc6 3. Bc4 Nf6 4. d3 Be7 5. O-O O-O 6. c3 d5 7. exd5 Nxd5 8. Re1 Bg4 9. h3 Bh5 10. Nbd2 a6 11. Ne4 Nb6 12. Bb3 Kh8 13. Ng3 Bxf3 14. Qxf3 f5 15. a4 a5 16. Bc2 Bg5 17. Qh5 Bxc1 18. Raxc1 Nd5 19. Ne2 g6 20. Qf3 e4 21.
dxe4 Ne5 22. Qg3 f4 23. Qh2 Qg5 24. Kh1 f3 25. exd5 fxe2 26. h4 Qh5 27. f3 Rae8 28. Be4 Qh6 29. Rc2 Ng4 30. Qg3 Nf2+ 31. Qxf2 Rxe4 32.
Rcxe2 Rxh4+ 33. Qxh4 Qxh4+ 34. Kg1 Qg3 35. Re7 Rxf3 36. d6 cxd6 37. Rxb7 Qxe1+ 0-1

[Event "Late-Titled-Tuesday-Blitz-April-30-2024"]
[Site "Chess.com"]
[Date "2024.04.30"]
[Round "6"]
[White "ChristopherYoo"]
[Black "Abund"]
[Result "1-0"]
[WhiteElo "3020"]
[BlackElo "2771"]
[TimeControl "180+1"]
[EndTime "15:06:24 PDT"]
[Termination "ChristopherYoo won by checkmate"]

1. e4 c6 2. Nf3 d5 3. Nc3 dxe4 4. Nxe4 Nf6 5. Qe2 Nxe4 6. Qxe4 Nd7 7. Bc4 Nf6 8. Ne5 e6 9. Qe2 b5 10. Bd3 Qc7 11. a4 Bd6 12. Nxc6 b4 13. Nd4 a6 14. Nf5 Bb7 15. Nxd6+ Qxd6 16. O-O h5 17. f3 h4 18. Qf2 h3 19. g3 b3 20. Ra3 bxc2 21.
Bxc2 O-O 22. d4 Rac8 23. Bf4 Qb4 24. Bd1 Nd5 25. Rb3 Qe7 26. Bd2 Bc6 27. Rd3 Qb7 28. b3 Rfd8 29. Ba5 Rd7 30. Qd2 Ne7 31. Bb4 Nf5 32. Bc5 Rcd8 33. Re1 Qa8 34. Qf2 Qb7 35. b4 Rd5 36. g4 Nh6 37. Qh4 e5 38. Bb3 R5d7 39.
g5 Nf5 40. Qh5 Nxd4 41. g6 Nxb3 42. Qh7# 1-0

[Event "Late-Titled-Tuesday-Blitz-April-30-2024"]
[Site "Chess.com"]
[Date "2024.04.30"]
[Round "6"]
[White "artin10862"]
[Black "Yerkinio"]
[Result "1-0"]
[WhiteElo "2862"]
[BlackElo "2657"]
[TimeControl "180+1"]
[EndTime "15:06:24 PDT"]
[Termination "artin10862 won on time"]

1. e4 c5 2. Nf3 d6 3. c3 Nf6 4.
Qc2 g6 5. d4 Bg7 6. dxc5 dxc5 7. Bc4 O-O 8. O-O Nc6 9. a4 Qc7 10. h3 b6 11. Re1 e6 12. Na3 a6 13. Bf1 Bb7 14. g3 Nd7 15. Bf4 Nde5 16. Nd2 Rad8 17.
Nac4 b5 18. axb5 axb5 19. Nxe5 Bxe5 20. Be3 c4 21. Nf3 Bg7 22. h4 Ne5 23. Nd4 Qb8 24. Bg2 Nd3 25. Red1 Ba8 26. h5 b4 27. Qe2 b3 28.
Nxb3 Qxb3 29. h6 Bf6 30. Rd2 Bc6 31. Ra6 Qb7 32. Rxc6 Qxc6 33. e5 Qb5 34. exf6 Qf5 35. Bc6 Qxf6 36. Bb5 Ne5 37. Rxd8 Rxd8 38. Kg2 Qf5 39. Bd4 Nd3 40. Bxc4 1-0

[Event "Late-Titled-Tuesday-Blitz-April-30-2024"]
[Site "Chess.com"]
[Date "2024.04.30"]
[Round "6"]
[White "frederiksvane"]
[Black "ozates"]
[Result "0-1"]
[WhiteElo "2975"]
[BlackElo "2608"]
[TimeControl "180+1"]
[EndTime "15:06:24 PDT"]
[Termination "ozates won by checkmate"]

1. b3 c5 2. Bb2 Nc6 3. Nf3 d6 4. e3 e5 5. d4 cxd4 6. exd4 e4 7.
Nfd2 d5 8. c4 Nf6 9. cxd5 Qxd5 10.
Bc4 Qg5 11. O-O Bh3 12. g3 Bxf1 13. Nxf1 O-O-O 14. Bxf7 Kb8 15. Nbd2 Nxd4 16. Bxd4 Rxd4 17.
Qe2 Bc5 18. Nc4 Rf8 19. Be6 Nh5 20. Kh1 Rdd8 21. Nfe3 Qf6 22. Rf1 Nxg3+ 23. hxg3 Qxe6 24. Kg2 Rf6 25. Ng4 Rff8 26. f4 exf3+ 27. Qxf3 Rxf3 28.
Re1 Rxg3+ 29. Kh2 Qxg4 30. Re6 Qh3# 0-1

[Event "Late-Titled-Tuesday-Blitz-April-30-2024"]
[Site "Chess.com"]
[Date "2024.04.30"]
[Round "6"]
[White "Statham_01"]
[Black "bascheyaro"]
[Result "0-1"]
[WhiteElo "2608"]
[BlackElo "2853"]
[TimeControl "180+1"]
[EndTime "15:06:25 PDT"]
[Termination "bascheyaro won by checkmate"]

1. e4 e6 2. d4 d5 3. Bd3 c5 4. exd5 exd5 5. c3 c4 6. Bc2 Bd6 7. Ne2 Ne7 8. Bf4 O-O 9. Nd2 Nbc6 10. Nf3 b5 11. a3 a5 12. O-O Bg4 13. Bxd6 Qxd6 14.
Ng3 Qf6 15. Re1 Bxf3 16. Qxf3 Qxf3 17. gxf3 g6 18. f4 Rfb8 19. f5 Kg7 20. Re3 Ng8 21.
Rae1 Nf6 22. h3 g5 23. Bd1 b4 24. Ba4 Ra6 25. Bxc6 Rxc6 26. axb4 axb4 27. Re7 bxc3 28. bxc3 Rb3 29. Ra7 Rc8 30. Ree7 Rf8 31. Re3 h5 32.
Kg2 h4 33. Ne2 Re8 34. Rxe8 Nxe8 35. f4 gxf4 36. Nxf4 Rxc3 37. Nxd5 Rg3+ 38. Kh2 Rd3 39. Nf4 Rd2+ 40. Kg1 Nd6 41. Rd7 Nxf5 42. Rc7 Ne3 43. d5 Kf6 44. Rc5 Ke5 45. Nh5 Ke4 46.
Nf6+ Kf3 47. d6 Rd1+ 48. Kh2 Nf1+ 49. Kg1 Ng3+ 50. Kh2 Rh1# 0-1

[Event "Late-Titled-Tuesday-Blitz-April-30-2024"]
[Site "Chess.com"]
[Date "2024.04.30"]
[Round "6"]
[White "rikchessmx"]
[Black "sillypiggy2024"]
[Result "1-0"]
[WhiteElo "2266"]
[BlackElo "1734"]
[TimeControl "180+1"]
[EndTime "15:06:25 PDT"]
[Termination "rikchessmx won on time"]

1. e4 c6 2. d4 d5 3. Nc3 dxe4 4. Nxe4 Bf5 5. Ng3 Bg6 6. h4 h6 7. Nf3 Nd7 8. Bc4 e6 9. Qe2 Ngf6 10. Bb3 Be7 11. Bf4 b5 12. h5 Bh7 13. O-O-O a5 14.
a3 a4 15. Ba2 b4 16. axb4 Bxb4 17. Qc4 Qb6 18. Ne5 Nxe5 19. Bxe5 Nd5 20. c3 Be7 21. Ne2 O-O 22. Bb1 Bxb1 23. Kxb1 a3 24. b4 a2+ 25. Ka1 Ra4 26. Rh3 Rfa8 27. Rg3 Bf8 28. Qb3 Ra3 29. Qb2 Qb5 30. Nc1 Qa4 31. Rdd3 f6 32. c4 Nxb4 33. Rxa3 Qxa3 34. Rxa3 Rxa3 35. Bf4 Ra6 36. c5 Nd5 37. Bd2 1-0

[Event "Late-Titled-Tuesday-Blitz-April-30-2024"]
[Site "Chess.com"]
[Date "2024.04.30"]
[Round "6"]
[White "Byniolus"]
[Black "HajiyevKanan"]
[Result "1-0"]
[WhiteElo "2843"]
[BlackElo "2627"]
[TimeControl "180+1"]
[EndTime "15:06:27 PDT"]
[Termination "Byniolus won on time"]

1. d4 d5 2. Nf3 c6 3. Bf4 Nf6 4. e3 Bg4 5. c4 Qa5+ 6. Nc3 Ne4 7. Qb3 Nxc3 8. bxc3 Bxf3 9. gxf3 e6 10. Bd3 Nd7 11. O-O b6 12. cxd5 Qxd5 13. Be4 Qxb3 14. axb3 a5 15. b4 e5 16. Bg3 Bd6 17. Bxc6 Rc8 18. Bxd7+ Kxd7 19. bxa5 bxa5 20. Rxa5 Rxc3 21. dxe5 Bc7 22.
Ra7 Rc8 23. Rd1+ Ke6 24. Ra6+ Ke7 25. f4 h6 26. f5 Bb8 27. Rb6 Rc1 28. Rb7+ Ke8 29.
Rxc1 Rxc1+ 30. Kg2 Bc7 31. e6 Bxg3 32. exf7+ Kf8 33. hxg3 Rc5 34. e4 Rc4 35. Kf3 h5 36. Kf4 h4 37. gxh4 Rc2 38. f3 Rh2 39. Ke5 Rc2 40.
h5 Rc5+ 41. Kf4 Ra5 42. e5 Ra4+ 43. Kg5 Ra1 44. e6 Rg1+ 45. Kf4 g5+ 46. hxg6 Kg7 47.
f6+ Kxf6 48. f8=Q+ 1-0

[Event "Late-Titled-Tuesday-Blitz-April-30-2024"]
[Site "Chess.com"]
[Date "2024.04.30"]
[Round "6"]
[White "Djager97"]
[Black "Arystanner"]
[Result "0-1"]
[WhiteElo "2566"]
[BlackElo "2844"]
[TimeControl "180+1"]
[EndTime "15:06:27 PDT"]
[Termination "Arystanner won by resignation"]

1. e4 e5 2. Nf3 Nf6 3. Nc3 Nc6 4. d4 exd4 5. Nxd4 Bb4 6. Nxc6 bxc6 7. Bd3 O-O 8. O-O Re8 9. Bg5 h6 10. Bh4 Bxc3 11. bxc3 g5 12. Bg3 Nxe4 13. Qh5 d6 14.
Bxe4 Rxe4 15. f4 Bf5 16. Qxh6 Re6 17. Qh5 Rb8 18. fxg5 Bg6 19. Qg4 Rb2 20. h4 Rxc2 21. h5 Be4 22. Rf2 Rxf2 23. Bxf2 Qf8 24. Bd4 c5 25.
Bf6 Qa8 26. Rf1 Qd5 27. g6 fxg6 28. hxg6 Qxa2 29. Qh3 Qxg2+ 30. Qxg2 Bxg2 31. Kxg2 a5 32. c4 a4 33. g7 a3 34. Bc3 Re2+ 35. Kg1 Re8 36. Rf2 c6 37. Rh2 Kf7 38. Rf2+ Kg8 39. Rh2 Kf7 40. Rh8 Rg8 41. Kf2 d5 42. Ke2 d4 43. Ba1 Rxg7 44. Rh5 Rg2+ 45. Kd3 Ra2 46. Rxc5 Rxa1 47. Rxc6 a2 0-1

[Event "Late-Titled-Tuesday-Blitz-April-30-2024"]
[Site "Chess.com"]
[Date "2024.04.30"]
[Round "6"]
[White "SCIM"]
[Black "GianmarcoVaR"]
[Result "1-0"]
[WhiteElo "2563"]
[BlackElo "2719"]
[TimeControl "180+1"]
[EndTime "15:06:28 PDT"]
[Termination "SCIM won by resignation"]

1. d4 Nf6 2. c4 g6 3. Nc3 Bg7 4.
e4 O-O 5. Bg5 c5 6. d5 d6 7. Qd2 e6 8. Bd3 a6 9. Nge2 Nbd7 10.
O-O Ne5 11. Rad1 Qc7 12. f4 Nxd3 13. Qxd3 Re8 14. e5 Nh5 15. dxe6 dxe5 16. Nd5 e4 17.
Nxc7 exd3 18. Rxd3 Bxe6 19. b3 Bg4 20. Ng3 Bd4+ 21.
Kh1 f6 22. Bh4 Nxg3+ 23. Rxg3 Be2 24. Re1 Bf2 25. Rxg6+ hxg6 26. Bxf2 Kf7 27. Nxa8 1-0